 Dungeon Crawl Stone Soup version 0.29.1-15-g9cfb28693d (webtiles) character file.

Game seed: 15597363369439237548

60 dudediamond6 the Sneak (level 4, -5/30 HPs)
             Began as an Octopode Brigand on Mar 14, 2023.
             Slain by a gnoll
             ... wielding a +0 club
              (10 damage)
             ... on level 2 of the Dungeon.
             The game lasted 00:01:33 (1027 turns).

dudediamond6 the Sneak (Octopode Brigand)           Turns: 1027, Time: 00:01:34

Health: -5/30      AC:  1    Str: 10    XL:     4   Next: 4%
Magic:  4/4        EV: 13    Int: 13    God:
Gold:   58         SH:  0    Dex: 15    Spells: 3/3 levels left

rFire   . . .      SeeInvis .   a - +2 dagger
rCold   . . .      Faith    .   (no shield)
rNeg    . . .      Spirit   .   (helmet restricted)
rPois   .          Reflect  .   (no amulet)
rElec   .          Harm     .   (no ring)
rCorr   .          Rampage  .   (no ring)
Will    .....                   (no ring)
Stlth   ++++......              (no ring)
HPRegen 0.10/turn               (no ring)
MPRegen 0.09/turn               (no ring)
                                (no ring)
                                (no ring)

@: no status effects
A: almost no armour, amphibious, 8 rings, camouflage 1, gelatinous body 1,
(nimble swimmer 1), tentacles
a: no special abilities


You were on level 2 of the Dungeon.
You visited 1 branch of the dungeon, and saw 2 of its levels.

You collected 58 gold pieces.

Inventory:

Hand Weapons
 a - a +2 dagger (weapon)
Missiles
 b - 9 poisoned darts (quivered)
 c - 3 curare-tipped darts
Scrolls
 d - a scroll of brand weapon {unknown}
 f - 3 scrolls of teleportation {unknown}
 g - a scroll of amnesia {unknown}
 i - a scroll of enchant weapon {unknown}
 l - a scroll of blinking {unknown}
 m - a scroll of immolation {unknown}
 o - a scroll of identify {unknown}
Potions
 e - a potion of flight {unknown}
 h - 2 potions of lignification {unknown}
 j - a potion of curing {unknown}
 k - a potion of berserk rage {unknown}
 n - a potion of attraction {unknown}


   Skills:
 * Level 2.3 Fighting
 * Level 2.3 Short Blades
 - Level 2.0 Throwing
 + Level 1.4 Dodging
 + Level 6.8 Stealth


You had 3 spell levels left.
You didn't know any spells.
Your spell library was empty.

Dungeon Overview and Level Annotations

Branches:
Dungeon (2/15)

Altars:
Qazlal


Innate Abilities, Weirdness & Mutations

You cannot wear most types of armour.
You are amphibious.
You can wear up to eight rings at the same time.
Your skin changes colour to match your surroundings (Stealth+).
Your rubbery body absorbs attacks. (AC +1, EV +1)
((You are camouflaged when in or above water. (Stealth+)))
You have tentacles for arms and can constrict up to eight enemies at once.


Message History

Found a dagger.
An adder is nearby!
The helpless adder fails to defend itself.
You impale the adder!!
You kill the adder!
No target in view!
You see here an adder corpse.
Found a dagger.
Found a stormy altar of Qazlal.
No target in view! 2 gnolls come into view.
Found a scroll labelled KIURA MUQUSS.
A gnoll comes into view. It is wielding a +0 club.
Found a scroll labelled SINYOG CIHUG.
The gnoll moves out of view.
The gnoll shouts! x3
The gnoll barely misses you.
Found a stone staircase leading down.
The gnoll barely misses you.
You closely miss the gnoll. You grab the gnoll. You squeeze the gnoll!
The gnoll is severely wounded.
You constrict the gnoll, but do no damage.
The gnoll misses you.
You hit the gnoll.
The gnoll is almost dead.
You constrict the gnoll.
A rat comes into view.
The gnoll barely misses you. The gnoll misses you.
You completely miss the gnoll.
The gnoll is almost dead.
You constrict the gnoll, but do no damage.
The gnoll hits you with a +0 flail! The gnoll hits you with a +0 halberd.
You hit the gnoll.
You kill the gnoll!
The gnoll closely misses you.
You have reached level 4!
You barely miss the gnoll. You grab the gnoll. You constrict the gnoll.
The gnoll closely misses you. The gnoll hits you with a +0 flail!
* * * LOW HITPOINT WARNING * * *
You are too injured to fight recklessly!
You release your grip on the gnoll.
The gnoll attacks as you move away! The gnoll hits you with a +0 club!
You die...

##).....#####.###...#
##.........###<# ###†# .
#.......##.....#####.# ..
#.......##....##......
...#.._..####.##.....)...
..........###.#####†####.
.##...............†# .
###.........####.. .
#.g@..###... #... .
#.g......?.. ..... .
.......)...##### ......
>........### #######
....r.?..# .....#.###
.....#. ....... #### #.


You could see 2 gnolls and a rat.

Vanquished Creatures
  An adder (D:2)
  A gnoll (D:2)
  2 dart slugs (D:1)
  4 bats
  2 endoplasms (D:1)
  A giant cockroach (D:1)
  3 goblins
  5 hobgoblins (D:1)
  4 quokkas (D:1)
  3 ball pythons (D:1)
  A frilled lizard (D:1)
  4 kobolds (D:1)
  3 rats (D:1)
34 creatures vanquished.

Notes
Turn   | Place    | Note
-------+----------+-------------------------------------------
     0 | D:1      | dudediamond6 the Octopode Brigand began the quest for the
                  | Orb.
     0 | D:1      | Reached XP level 1. HP: 14/14 MP: 1/1
    60 | D:1      | Reached XP level 2. HP: 19/19 MP: 2/2
   116 | D:1      | Reached skill level 6 in Stealth
   597 | D:1      | Reached XP level 3. HP: 24/24 MP: 3/3
  1007 | D:2      | Found a stormy altar of Qazlal.
  1025 | D:2      | Reached XP level 4. HP: 17/30 MP: 4/4
  1027 | D:2      | Slain by a gnoll

Illustrated notes

Levels and vault maps discovered:
D:1:      ncdulo_smallfort, layout_basic, minmay_heptomino_h4
D:2:      layout_rooms, basic_altar, hellmonk_ecumenical_altar_run_dry,
          uniq_crazy_yiuf_cottage

Skill      XL: |  1  2 |
---------------+-------+-----
Stealth        | 6 |  6.8
Fighting       | |  2.3
Short Blades   | |  2.3
Throwing       | |  2.0
Dodging        | |  1.4

Action                   |  1- 3 |  4- 6 || total
-------------------------+-------+-------++-------
Melee: Dagger            |    53 |     1 ||    54
       Constrict         |     9 |     1 ||    10
       Tentacles         |     9 |       ||     9
 Stab: Sleeping          |    17 |       ||    17
Armor: Skin              |     1 |       ||     1
Dodge: Dodged            |    20 |     1 ||    21
